 Dungeon Crawl Stone Soup version 0.23.2-30-g0e89c35649 (webtiles) character file.

Game seed: 7797911773465975221

142 funkygono the Skirmisher (level 5, -3/43 HPs)
             Began as a Formicid Abyssal Knight on June 16, 2019.
             Was a Believer of Lugonu.
             Slain by an ogre
             ... wielding a +0 giant spiked club
              (23 damage)
             ... on level 3 of the Dungeon.
             The game lasted 00:06:45 (2907 turns).

funkygono the Skirmisher (Formicid Abyssal Knight)  Turns: 2907, Time: 00:06:47

Health: -3/43      AC:  4    Str: 18    XL:     5   Next: 50%
Magic:  15/15      EV: 11    Int: 11    God:    Lugonu [**....]
Gold:   138        SH:  3    Dex: 10    Spells: 4/4 levels left

rFire    . . .     SeeInvis +   a - +1 mace
rCold    . . .     Gourm    .   (no shield)
rNeg     . . .     Faith    .   b - +0 leather armour
rPois    .         Spirit   .   (helmet unavailable)
rElec    .         Reflect  +   (no cloak)
rCorr    .         Harm     .   h - +0 pair of gloves
MR       .....                  (no boots)
Stlth    ++........             m - +3 amulet of reflection
HPRegen  0.14/turn              g - ring of magical power
MPRegen  0.14/turn              n - ring of stealth

@: no status effects
A: permanent stasis, dig shafts and tunnels, four strong arms, antennae 3
a: Dig, Shaft Self, Depart the Abyss, Bend Space, Renounce Religion


You were on level 3 of the Dungeon.
You worshipped Lugonu.
Lugonu was pleased with you.
You were not hungry.

You visited 1 branch of the dungeon, and saw 4 of its levels.
You visited the Abyss 1 time.

You collected 138 gold pieces.

Inventory:

Hand Weapons
 a - a +1 mace (weapon)
Missiles
 d - 48 sling bullets
 j - 158 stones (quivered)
Armour
 b - a +0 leather armour (worn)
 h - a +0 pair of gloves (worn)
Jewellery
 g - a ring of magical power (left hand)
 m - a +3 amulet of reflection (around neck)
 n - a ring of stealth (right hand)
 p - an uncursed ring of flight
 r - an uncursed ring of fire
Wands
 l - a wand of flame (21)
Scrolls
 f - a scroll of amnesia
 k - 2 scrolls of identify
Potions
 e - 2 potions of cancellation
 i - a potion of brilliance
Comestibles
 c - 7 rations


   Skills:
 * Level 4.5 Fighting
 + Level 3.4 Maces & Flails
 * Level 2.7 Armour
 + Level 1.7 Dodging
 + Level 0.6 Stealth
 + Level 2.3 Invocations


You had 4 spell levels left.
You didn't know any spells.
Your spell library was empty.

Dungeon Overview and Level Annotations

Branches:
Dungeon (4/15)
 Temple: D:4-7

Altars:
Fedhas

Annotations:
D:4 3 runed translucent doors


Innate Abilities, Weirdness & Mutations

You cannot be hasted, slowed, berserked, paralysed or teleported.
You can dig through walls and to a lower floor.
Your four strong arms can wield two-handed weapons with a shield.
You have a pair of large antennae on your head. (SInv)


Message History

There is a stone staircase leading down here.
You hit the ogre but do no damage. The ogre closely misses you.
You barely miss the ogre. The ogre closely misses you.
You closely miss the ogre.
The ogre hits you with a +0 giant spiked club.
You hit the ogre.
The ogre is lightly wounded.
The ogre barely misses you.
You hit the ogre.
The ogre is lightly wounded.
The ogre hits you with a +0 giant spiked club!
You barely miss the ogre.
The ogre is lightly wounded.
The ogre hits you with a +0 giant spiked club!
* * * LOW HITPOINT WARNING * * *
You feel better. The ogre barely misses you.
The ogre hits you with a +0 giant spiked club!!
Ouch! That really hurt!
You die...

###########
#..........
########.#########
#>................
#.O...............
##@.....#.#######..
#.......#.# #..
#......##.# #..
#..(...##.#######..
#................<.
#.#..........####..
#.#..........# ###
#.#..........#
#.#.)........#


You could see an ogre.

Vanquished Creatures
  A worker ant (D:3)
  2 adders
  4 gnolls
  A dart slug (D:2)
  2 leopard geckos
  4 giant cockroaches (D:1)
  5 hobgoblins
  2 jackals (D:1)
  A ball python (D:3)
  7 bats
  6 frilled lizards
  12 goblins
  5 kobolds
  6 rats
58 creatures vanquished.

Vanquished Creatures (others)
  A goblin (D:2)
1 creature vanquished.

Grand Total: 59 creatures vanquished

Notes
Turn   | Place    | Note
-------+----------+-------------------------------------------
     0 | Abyss:1  | funkygono the Formicid Abyssal Knight began the quest for
                  | the Orb.
     0 | Abyss:1  | Reached XP level 1. HP: 18/18 MP: 2/2
    64 | D:1      | Escaped the Abyss
   344 | D:1      | Reached XP level 2. HP: 21/24 MP: 3/3
   398 | D:1      | Reached XP level 3. HP: 6/30 MP: 4/4
   941 | D:1      | Reached skill level 4 in Fighting
  1012 | D:1      | Reached ** piety under Lugonu
  1073 | D:1      | Reached skill level 1 in Dodging
  1492 | D:2      | Reached XP level 4. HP: 33/37 MP: 5/5
  1977 | D:3      | Reached XP level 5. HP: 29/43 MP: 6/6
  2348 | D:3      | Found a blossoming altar of Fedhas.
  2893 | D:4      | Found a runed translucent gate.
  2893 | D:4      | Found a runed translucent gate.
  2893 | D:4      | Found a runed translucent gate.
  2893 | D:4      | Noticed an ogre
  2907 | D:3      | Slain by an ogre

Skill      XL: |  1  2  3 |
---------------+----------+-----
Fighting       | 4 |  4.5
Dodging        | 1 |  1.7
Maces & Flails | 3 |  3.4
Armour         | |  2.7
Stealth        | |  0.6
Invocations    | |  2.3

Action                   |  1- 3 |  4- 6 || total
-------------------------+-------+-------++-------
Melee: Mace              |   118 |    76 ||   194
Throw: Stone             |       |     6 ||     6
 Abil: Dig               |     2 |       ||     2
  Use: Scroll            |     3 |     4 ||     7
       Potion            |       |     1 ||     1
 Stab: Sleeping          |       |     4 ||     4
  Eat: Chunk             |     2 |     5 ||     7
Armor: Leather armour    |    52 |    17 ||    69
Dodge: Dodged            |    96 |    43 ||   139
Block: Other             |     2 |     9 ||    11
       Reflection        |       |     1 ||     1
